Map: Simulacrum LE

Players

Bly

  • Race: Zerg Zerg
  • Spawn Location: 11:00

goblin - Winner!

  • Race: Protoss Protoss
  • Spawn Location: 5:00

Event: IEM Katowice 2020

VOD

Have the link to the VOD?

Description

Time

  • Played on: Feb. 24, 2020, 9:26 a.m.
  • Length: 27:01

All games in this series

Show
View Real Time Build Order
Export as new Build Order

Bly Zerg 

Build Orders: Hatch First 

Get SALT Encoding   

  12  0:01  Drone  
  13  0:13  Overlord  
  13  0:21  Drone  
  14  0:32  Drone x2  
  16  0:49  Hatchery  
  15  0:53  Drone  
  15  0:57  Drone  
  17  0:59  Drone  
  18  1:12  Extractor  
  18  1:14  Spawning Pool  
  16  1:19  Drone  
  16  1:21  Drone  
  18  1:29  Drone  
  19  1:40  Drone  
  20  1:50  Drone  
  20  1:53  Hatchery  
  20  2:01  Zergling x4  
  20  2:07  Queen  
  24  2:16  Queen  
  24  2:21  Overlord  
  26  2:28  Drone x2  
  28  2:35  Metabolic Boost  
  28  2:40  Drone x2  
  30  2:52  Queen, Overlord  
  30  2:57  Drone x2  
  33  3:05  Drone x2  
  34  3:07  Overlord  
  34  3:09  Drone  
  34  3:10  Drone  
  36  3:26  Drone x3  
  39  3:34  Zergling x12  
  45  3:41  Zergling x6  
  48  3:46  Roach Warren  
  47  3:49  Drone x2  
  49  3:58  Extractor, Drone  
  49  4:03  Drone x4  
  49  4:04  Drone x2  
  49  4:06  Overlord  
  55  4:10  Overlord  
  55  4:13  Drone  
  55  4:14  Drone x2  
  57  4:25  Overlord  
  57  4:26  Overlord  
  54  4:34  Extractor  
  54  4:36  Overlord  
  55  4:38  Roach x7  
  55  4:39  Overlord  
  55  4:45  Roach x2  
  71  4:49  Overlord  
  71  4:59  Lair  
  71  5:00  Spore Crawler  
  71  5:07  Zergling x18  
  72  5:10  Spore Crawler  
  77  5:20  Overlord  
  75  5:21  Drone x5  
  77  5:30  Overlord  
  77  5:33  Drone  
  77  5:34  Overlord  
  78  5:37  Spore Crawler  
  77  5:44  Roach x4  
  77  5:45  Extractor  
  83  6:00  Roach  
  83  6:01  Roach x6  
  96  6:04  Glial Reconstitution  
  92  6:15  Zergling x6  
  93  6:25  Drone x3  
  95  6:27  Spire  
  95  6:33  Hatchery  
  88  6:54  Zergling x10  
  88  6:57  Zergling x10  
  98  7:17  Overlord  
  95  7:41  Mutalisk  
  95  7:42  Mutalisk x7  
  105  7:54  Mutalisk  
  105  7:56  Drone x5  
  112  8:07  Extractor x2  
  112  8:09  Drone  
  112  8:10  Drone x6  
  117  8:20  Overlord x2  
  117  8:22  Roach x3  
  117  8:23  Roach  
  125  8:33  Overlord  
  123  8:38  Mutalisk x4  
  131  8:46  Mutalisk  
  133  8:49  Hatchery  
  133  8:50  Corruptor, Drone x6  
  133  8:51  Overlord  
  140  8:59  Mutalisk x2  
  140  9:01  Overlord  
  144  9:16  Mutalisk x2  
  148  9:27  Spine Crawler  
  148  9:28  Spine Crawler  
  146  9:31  Baneling Nest  
  146  9:32  Zergling x26  
  146  9:33  Zergling x2  
  157  9:56  Mutalisk x6  
  157  9:59  Zergling x4  
  169  10:00  Overlord  
  161  10:23  Mutalisk x5  
  161  10:26  Roach  
  161  10:27  Roach  
  169  10:30  Spine Crawler, Baneling x3  
  169  10:33  Baneling  
  166  10:37  Spine Crawler  
  166  10:38  Spine Crawler x2  
  166  10:39  Spine Crawler, Baneling x4  
  166  10:40  Baneling  
  162  10:43  Spine Crawler  
  161  10:50  Baneling x7  
  161  10:58  Zergling x4  
  161  10:59  Zergling x12  
  161  11:03  Baneling x6  
  169  11:05  Ravager  
  170  11:14  Roach x2  
  166  11:23  Zergling x2  
  166  11:24  Zergling x14  
  140  11:36  Ravager x5  
  140  11:37  Ravager  
  140  11:38  Zergling x6  
  134  12:00  Roach x3  
  128  12:04  Overseer  
  128  12:06  Overseer  
  61  13:20  Hatchery  
  59  14:29  Extractor  
  55  14:49  Drone  
  55  14:54  Drone  
  53  15:17  Drone  
  54  15:33  Drone  
  49  15:58  Drone x3  
  52  16:13  Drone  
  49  16:36  Drone x2  
  51  16:44  Hatchery  
  36  18:24  Hatchery  
  31  19:54  Hatchery  
  20  21:06  Drone  
  21  21:17  Drone  
  22  21:34  Drone  
  22  21:36  Overseer  
  21  21:40  Drone  
  22  21:54  Drone  
  23  22:09  Drone  
  24  22:25  Drone x2  
  26  22:46  Overseer  
  26  22:51  Drone  
  26  22:52  Drone  
  28  23:10  Hatchery  
  27  23:19  Drone x2  
  29  23:28  Drone  
  29  23:32  Drone  
  31  23:44  Overseer  
  31  23:51  Overseer  
  31  23:54  Drone x2  
  33  24:30  Spawning Pool  
  30  25:19  Zergling x4  
  29  25:34  Extractor  
  15  25:52  Drone x2  
  8  26:20  Hatchery  
  8  26:24  Overseer  
Show
View Real Time Build Order
Export as new Build Order

goblin Protoss - Winner!

Build Orders: 1 Gate Expand, Archon Immortal 

Get SALT Encoding   

  12  0:00  Probe  
  13  0:12  Probe  
  14  0:17  Pylon  
  14  0:24  Probe (Chrono Boost)  
  15  0:36  Probe (Chrono Boost)  
  15  0:38  Gateway  
  16  0:45  Probe (Chrono Boost)  
  16  0:48  Assimilator  
  17  0:50  Probe  
  18  1:03  Probe  
  19  1:21  Nexus  
  19  1:24  Probe  
  20  1:36  Cybernetics Core  
  20  1:39  Probe  
  21  1:47  Assimilator  
  21  1:51  Probe  
  22  1:56  Pylon  
  22  2:03  Probe (Chrono Boost)  
  23  2:11  Stalker (Chrono Boost)  
  26  2:16  Probe (Chrono Boost)  
  26  2:21  Probe (Chrono Boost)  
  27  2:25  Robotics Facility  
  27  2:28  Warp Gate  
  27  2:33  Probe (Chrono Boost)  
  27  2:35  Probe (Chrono Boost)  
  29  2:41  Sentry  
  29  2:43  Probe (Chrono Boost)  
  33  2:45  Probe (Chrono Boost)  
  33  2:48  Probe  
  34  2:55  Probe  
  35  3:01  Probe  
  36  3:07  Probe, Adept  
  36  3:10  Immortal (Chrono Boost)  
  39  3:13  Probe  
  39  3:19  Probe, Pylon  
  45  3:24  Gateway  
  45  3:26  Probe  
  46  3:37  Probe  
  46  3:39  Probe, Warp Prism (Chrono Boost)  
  50  3:49  Probe  
  52  3:58  Twilight Council  
  52  3:59  Pylon  
  51  4:03  Assimilator  
  51  4:06  Assimilator  
  51  4:07  Probe  
  52  4:15  Probe, Immortal (Chrono Boost)  
  53  4:19  Probe  
  58  4:24  Pylon  
  58  4:27  Probe  
  58  4:31  Probe  
  60  4:32  Pylon  
  60  4:37  Gateway, Dark Shrine  
  60  4:39  Probe  
  60  4:41  Gateway  
  60  4:42  Pylon  
  60  4:43  Probe  
  62  4:55  Charge  
  62  4:56  Probe x2  
  62  4:57  Pylon  
  64  5:08  Pylon  
  64  5:10  Adept x2  
  68  5:18  Pylon  
  68  5:30  Immortal  
  72  5:41  Gateway  
  72  5:42  Gateway  
  72  5:44  Pylon  
  72  5:49  Dark Templar x4  
  80  6:00  Pylon  
  80  6:01  Gateway  
  80  6:02  Gateway  
  77  6:09  Immortal (Chrono Boost)  
  81  6:21  Zealot x3  
  81  6:22  Zealot  
  81  6:45  Immortal (Chrono Boost)  
  81  6:46  Pylon  
  85  6:59  Zealot  
  85  7:00  Zealot x3  
  93  7:07  Nexus  
  93  7:14  Immortal (Chrono Boost)  
  93  7:18  Pylon  
  93  7:19  Probe x2  
  99  7:34  Pylon  
  99  7:37  Pylon  
  99  7:44  Blink (Chrono Boost)  
  99  7:47  Observer  
  99  7:50  Shield Battery  
  99  7:51  Stalker x2  
  104  7:52  Stalker  
  104  7:53  Archon x2  
  106  7:59  Shield Battery  
  106  8:00  Shield Battery  
  106  8:05  Immortal (Chrono Boost)  
  106  8:07  Dark Templar  
  106  8:08  Dark Templar  
  106  8:10  Shield Battery  
  114  8:14  Archon, Stalker x2  
  114  8:18  Probe x2 (Chrono Boost)  
  114  8:19  Probe (Chrono Boost)  
  122  8:28  Probe x3 (Chrono Boost)  
  122  8:37  Observer  
  122  8:40  Observer  
  122  8:44  Probe  
  122  8:45  Probe  
  122  8:49  Dark Templar x4  
  122  8:54  Archon x2  
  130  9:03  Stalker x4  
  132  9:21  Stalker  
  132  9:22  Stalker x3  
  140  9:31  Stalker x3  
  140  9:32  Stalker  
  132  10:00  Stalker x7  
  132  10:01  Colossus, Stalker  
  130  10:24  Dark Templar x2  
  134  10:31  Archon  
  134  10:45  Zealot  
  134  10:46  Zealot x3  
  134  10:47  Dark Templar  
  134  10:48  Probe x2  
  146  10:50  Dark Templar  
  148  10:59  Archon  
  148  11:14  Stalker x4  
  110  11:31  Observer  
  96  11:35  Probe  
  82  12:31  Pylon  
  82  12:39  Observer  
  80  13:22  Observer  
  80  13:35  Nexus  
  74  15:28  Pylon  
  68  16:13  Observer  
  68  16:17  Observer  
  67  16:46  Observer  
  52  17:49  Pylon  
  52  18:07  Pylon  
  52  18:10  Observer  
  52  18:27  Pylon  
  52  18:41  Observer  
  51  20:50  Nexus  
  51  21:10  Observer  
  51  21:19  Observer  
  51  21:26  Observer  

Tags
 
Add a new tag
Caveats
  • Supply blocks, unpowered buildings, or Contaminate may cause inaccurate times.
  • Supply counts are checked every 10 seconds.